 Dungeon Crawl Stone Soup version 0.22-a0-439-gac93bac (webtiles) character file.

224 FrankyJ the Covered (level 6, 0/52 HPs)
             Began as a Hill Orc Monk on May 29, 2018.
             Was a Believer of Beogh.
             Killed from afar by an orc wizard (14 damage)
             ... with a puff of flame
             ... on level 4 of the Dungeon.
             The game lasted 00:08:47 (2757 turns).

FrankyJ the Covered (Hill Orc Monk)                 Turns: 2757, Time: 00:08:49

Health: 0/52       AC: 11    Str: 16    XL:     6   Next: 0%
Magic:  6/6        EV:  8    Int: 10    God:    Beogh [**....]
Gold:   107        SH:  0    Dex: 13    Spells: 5/5 levels left

rFire    . . .     SeeInvis .   a - +0 hand axe
rCold    . . .     Gourm    .   (no shield)
rNeg     . . .     Faith    .   e - +0 chain mail
rPois    .         Spirit   .   g - +0 helmet
rElec    .         Reflect  .   (no cloak)
rCorr    .         Harm     .   (no gloves)
MR       .....                  (no boots)
Stlth    ..........             (no amulet)
HPRegen  0.17/turn              (no ring)
MPRegen  0.10/turn              (no ring)

@: hasted, very quick
A: no striking features
a: Smiting, Renounce Religion


You were on level 4 of the Dungeon.
You worshipped Beogh.
Beogh was pleased with you.
You were not hungry.

You visited 1 branch of the dungeon, and saw 4 of its levels.

You collected 107 gold pieces.

Inventory:

Hand Weapons
 a - a +0 hand axe (weapon)
 n - a cursed -2 whip
 p - a +1 short sword of holy wrath
Missiles
 i - 93 stones (quivered)
 j - 2 throwing nets
 t - 6 javelins
Armour
 b - a +0 robe
 e - a +0 chain mail (worn)
 g - a +0 helmet (worn)
 l - a +0 leather armour
Jewellery
 f - an uncursed ring of flight {unknown}
 h - a cursed ring of loudness {unknown}
Scrolls
 v - 2 scrolls of remove curse
Potions
 d - a potion of ambrosia {unknown}
 m - a potion of mutation
 o - a potion of haste
 r - a potion of agility {unknown}
 s - a potion of brilliance {unknown}
 u - a potion of curing {unknown}
Miscellaneous
 q - a lamp of fire
Comestibles
 c - 6 rations


   Skills:
 - Level 4.1 Fighting
 - Level 4.0 Axes
 + Level 5.1 Armour
 - Level 3.0 Dodging
 - Level 2.0 Stealth


You had 5 spell levels left.
You didn't know any spells.
Your spell library was empty.

Dungeon Overview and Level Annotations

Branches:
Dungeon (4/15)
 Temple: D:4-7

Altars:

Annotations:
D:3 Cedruin's ghost, amateur DrBe


Message History

The orc barely misses you.
You barely miss the orc wizard.
The orc wizard is moderately wounded.
You hit the ooze. You closely miss the orc. You barely miss the orc.
The orc wizard barely misses you. The ooze hits you but does no damage.
The orc barely misses you. The orc hits you but does no damage.
You closely miss the orc wizard.
The orc wizard is moderately wounded.
You hit the ooze. You hit the orc.
You kill the orc!
Beogh accepts your kill.
You have reached level 6!
Your experience leads to an increase in your attributes!
Increase (S)trength, (I)ntelligence, or (D)exterity?
You feel stronger.
Your chain mail prevents you from hitting the orc.
The orc wizard points at you and mumbles some strange words.
The puff of flame hits you!
You die...
Beogh appreciates the orc wizard's killing of a heretic priest.

......!....#
...........# ..#
...........# ...#
#.........# ...#
#.....(...# ....#
#.?.......##.<..
#........oo....
#.......r)J###+#.#
#.......oo@o.....#
##############.###


You could see an orc priest, an orc wizard, an ooze, 3 orcs and a quokka.

Vanquished Creatures
  An ice beast (D:2)
  4 adders
  2 oozes (D:1)
  2 adder skeletons (D:2)
  An adder zombie (D:2)
  A worm (D:2)
  2 dart slugs
  A leopard gecko (D:3)
  5 orcs
  A bat zombie (D:2)
  7 giant cockroaches
  9 goblins (D:1)
  5 hobgoblins
  A ball python skeleton (D:2)
  4 bats
  6 frilled lizards
  A jackal skeleton (D:2)
  6 kobolds
  6 rats
65 creatures vanquished.

Vanquished Creatures (others)
  5 toadstools (D:1)
5 creatures vanquished.

Grand Total: 70 creatures vanquished

Notes
Turn   | Place    | Note
-------+----------+-------------------------------------------
     0 | D:1      | FrankyJ the Hill Orc Monk began the quest for the Orb.
     0 | D:1      | Reached XP level 1. HP: 19/19 MP: 1/1
   213 | D:1      | Reached XP level 2. HP: 25/27 MP: 2/2
   561 | D:1      | Reached XP level 3. HP: 32/33 MP: 3/3
   656 | D:1      | Reached skill level 1 in Armour
  1621 | D:2      | Reached skill level 2 in Armour
  1621 | D:2      | Reached XP level 4. HP: 40/40 MP: 4/4
  1969 | D:2      | Noticed an ice beast
  2002 | D:2      | Killed an ice beast
  2002 | D:2      | Reached skill level 4 in Armour
  2002 | D:2      | Reached XP level 5. HP: 15/46 MP: 5/5
  2241 | D:3      | Became a worshipper of Beogh the Brigand
  2241 | D:3      | Reached * piety under Beogh
  2241 | D:3      | Reached ** piety under Beogh
  2357 | D:3      | Reached skill level 5 in Armour
  2461 | D:3      | Noticed Cedruin's ghost (amateur DrBe)
  2743 | D:3      | You fall through a shaft!
  2757 | D:4      | Reached XP level 6. HP: 14/52 MP: 6/6
  2757 | D:4      | Killed from afar by an orc wizard

Vault maps used:
D:1:      ldierk_walled_garden, minmay_pentomino_v2
D:2:      serial_undead, serial_undead_a, serial_undead_c, serial_undead_d,
          serial_undead_f, first_ration
D:3:      serial_bayou, serial_bayou_pond_e, serial_bayou_shore_b,
          serial_bayou_pond_d, serial_bayou_pond_a, dk_noncrumbling_3,
          minmay_checkerbox
D:4:      nicolae_overflow_hidden_temple, overflow_temple_1_default,
          serial_shops, shop

Skill      XL: |  1  2  3  4  5 |
---------------+----------------+-----
Stealth        | 2 |  2.0
Fighting       | 4 |  4.1
Dodging        | 3 |  3.0
Armour         | 2 4 5 |  5.1
Axes           | |  4.0

Action                   |  1- 3 |  4- 6 || total
-------------------------+-------+-------++-------
Melee: Hand axe          |   123 |   163 ||   286
Invok: Convert to Beogh  |       |     1 ||     1
  Use: Scroll            |     2 |     6 ||     8
       Potion            |       |     4 ||     4
 Stab: Sleeping          |     2 |       ||     2
  Eat: Chunk             |     2 |     4 ||     6
Armor: Robe              |    18 |       ||    18
       Chain mail        |    26 |    97 ||   123
Dodge: Dodged            |    59 |    77 ||   136

Table legend:
 A = Spawn XP
 B = Non-spawn XP
 C = Spawn XP percentage of total XP
 D = Spawn monster count
 E = Non-spawn monster count
 F = Spawn count percentage of total count
 G = Total turns spent on level
                    A         B        C        D         E        F      G
               +---------+---------+-------+---------+---------+-------+---------
         Total |       0 |     320 |   0.0 |       0 |      65 |   0.0 |  2757
               +---------+---------+-------+---------+---------+-------+---------
           D:1 |       0 |      62 |   0.0 |       0 |      31 |   0.0 |  1216
           D:2 |       0 |     192 |   0.0 |       0 |      19 |   0.0 |  1001
           D:3 |       0 |      63 |   0.0 |       0 |      14 |   0.0 |   526
           D:4 |       0 |       3 |   0.0 |       0 |       1 |   0.0 |    14
               +---------+---------+-------+---------+---------+-------+---------
